 Dungeon Crawl Stone Soup version 0.29-a0-330-g52719c12eb (webtiles) character file.

Game seed: 11850287800495489649

135 croobank the Skirmisher (level 4, -4/36 HPs)
             Began as a Minotaur Fighter on Apr 12, 2022.
             Was a Follower of Hepliaklqana.
             Slain by a gnoll
             ... wielding a +0 scythe
              (11 damage)
             ... on level 5 of the Dungeon.
             The game lasted 00:06:58 (2622 turns).

croobank the Skirmisher (Minotaur Fighter)          Turns: 2622, Time: 00:06:59

Health: -4/36      AC:  7    Str: 22    XL:     4   Next: 97%
Magic:  3/3        EV:  9    Int:  9    God:    Hepliaklqana [*.....]
Gold:   137        SH:  4    Dex: 10    Spells: 3/3 levels left

rFire   . . .      SeeInvis .   a - +0 war axe
rCold   . . .      Faith    .   c - +0 buckler
rNeg    . . .      Spirit   .   b - +0 scale mail
rPois   .          Reflect  .   (helmet restricted)
rElec   .          Harm     .   (no cloak)
rCorr   .          Rampage  .   (no gloves)
Will    .....                   (no boots)
Stlth   ..........              (no amulet)
HPRegen 0.12/turn               f - +6 ring of intelligence
MPRegen 0.08/turn               (no ring)

@: mighty
A: reduced essence, horns 2, retaliatory headbutt, dopey 1
a: Renounce Religion, Recall Ancestor, Ancestor Identity


You were on level 5 of the Dungeon.
You worshipped Hepliaklqana.
Hepliaklqana was aware of your devotion.
You visited 1 branch of the dungeon, and saw 5 of its levels.

You collected 137 gold pieces.

Inventory:

Hand Weapons
 a - a +0 war axe (weapon)
Missiles
 e - 102 stones
 j - 11 poisoned darts (quivered)
Armour
 b - a +0 scale mail (worn)
 c - a +0 buckler (worn)
 g - a +0 plate armour
Jewellery
 f - a +6 ring of intelligence (left hand)
Wands
 l - a wand of acid (6)
Scrolls
 h - a scroll of immolation
 i - a scroll of teleportation {unknown}
 k - a scroll of fear {unknown}
 m - a scroll of amnesia {unknown}


   Skills:
 + Level 4.7 Fighting
 + Level 3.7 Axes
 + Level 4.6 Armour
 + Level 4.6 Shields


You had 3 spell levels left.
You didn't know any spells.
Your spell library contained the following spells:

 Spells                   Type           Power      Damage    Failure   Level
 Shock                    Conj/Air       0%         1d3       78%         1
 Conjure Flame            Conj/Fire      0%         6-21      98%         3
 Ignite Poison            Fire/Tmut/Pois 0%         N/A       98%         3
 Swiftness                Air            0%         N/A       98%         3
 Airstrike                Air            0%         N/A       100%        4
 Sticky Flame             Conj/Fire      0%         2d3       100%        4


Dungeon Overview and Level Annotations

Branches:
Dungeon (5/15)
 Temple: D:4-7

Altars:
Hepliaklqana

Annotations:
D:4 Edmund


Innate Abilities, Weirdness & Mutations

Your life essence is reduced to manifest your ancestor. (-10% HP)
You have a pair of horns on your head.
You reflexively headbutt those who attack you in melee.
You are dopey. (Int -2)


Message History

Edmund hits you with a +2 dire flail of holy wrath! x2
* * * LOW HITPOINT WARNING * * *
Okay, then.
Okay, then.
You swap places.
Rabi hits Edmund but does no damage.
Edmund barely misses Rabi.
Rabi hits Edmund but does no damage.
Edmund hits Rabi with a +2 dire flail of holy wrath.
Edmund hits Rabi with a +2 dire flail of holy wrath!
Rabi barely misses Edmund.
Okay, then.
It was a potion of mutation.
You feel extremely strange.
You feel stupid.
Rabi closely misses Edmund.
Edmund closely misses Rabi.
Something closely misses Rabi.
Found 7 gold pieces.
Edmund says, "You wouldn't believe how much I paid for this flail."
Edmund hits Rabi with a +2 dire flail of holy wrath!
Rabi is destroyed!
Edmund mutters, "Who needs spells, anyway?"
Found a stone staircase leading down.
Edmund grinds his teeth, and then sighs.
Edmund says, "What use are spells, anyway?"
There is a stone staircase leading down here.
You climb downwards.
Found a scroll labelled ZIXOFU FICROUD.
There is a stone staircase leading up here.
Okay, then.
Found a sharpened lead wand.
You see here a wand of acid (6).
l - a wand of acid (6)
The sky beast flickers out of sight!
Deactivating autopickup; reactivate with Ctrl-A.
A hound and a gnoll come into view.
The hound barks!
Okay, then.
Okay, then.
You feel very mighty all of a sudden.
The gnoll hits you from afar with a +0 scythe!
You die...

### ..# # #.#
.####.####.###
...h.g.@##.#.##
P.....#.......#
≈≈≈...####.#.#####
P.P..............#
≈≈≈..#####.#.###.#
.. #.#.###.# .
#...<.Y.#
#..#.#..# #..#..
.#


You could see a hound and a gnoll.

Vanquished Creatures
  An orc wizard (D:3)
  Robin (D:3)
  An adder (D:3)
  2 worms (D:2)
  3 dart slugs
  4 orcs (D:3)
  5 endoplasms
  2 giant cockroaches
  14 goblins
  9 hobgoblins
  6 jackals
  A quokka (D:1)
  5 ball pythons
  10 bats
  A frilled lizard (D:2)
  3 kobolds (D:1)
  3 rats
71 creatures vanquished.

Vanquished Creatures (others)
  An ancestor (D:4)
1 creature vanquished.

Grand Total: 72 creatures vanquished

Notes
Turn   | Place    | Note
-------+----------+-------------------------------------------
     0 | D:1      | croobank the Minotaur Fighter began the quest for the Orb.
     0 | D:1      | Reached XP level 1. HP: 19/19 MP: 0/0
   270 | D:1      | Reached XP level 2. HP: 27/27 MP: 1/1
   783 | D:1      | Reached XP level 3. HP: 33/33 MP: 2/2
  1076 | D:2      | Found a hazy altar of Hepliaklqana.
  1093 | D:2      | Became a worshipper of Hepliaklqana the Forgotten
  1761 | D:3      | Reached XP level 4. HP: 41/41 MP: 3/3
  1804 | D:3      | Noticed Robin
  1813 | D:3      | Killed Robin
  2046 | D:3      | Found a faded altar of an unknown god.
  2537 | D:3      | Reached * piety under Hepliaklqana
  2584 | D:4      | Noticed Edmund
  2594 | D:4      | Gained mutation: You are dopey. (Int -2) [potion of
                  | mutation]
  2613 | D:5      | Entered Level 5 of the Dungeon
  2613 | D:5      | Noticed a sky beast
  2622 | D:5      | Slain by a gnoll

Illustrated notes

Levels and vault maps discovered:
D:1:      onia_arrival_pyramid, layout_basic
D:2:      layout_rooms, basic_altar, minmay_cupped
D:3:      layout_basic, basic_ecumenical_altar, uniq_robin
D:4:      layout_loops_ring, nicolae_ru_sacrificial_ziggurat, uniq_eustachio,
          uniq_edmund
D:5:      layout_loops_cross, nicolae_overflow_crystal_walls,
          minmay_temple_entry_large_hall, gammafunk_ghost_nasty_kobolds,
          dreamdust_gnoll_farm

Skill      XL: |  1  2 |
---------------+-------+-----
Fighting       | 4 |  4.7
Armour         | 4 |  4.6
Shields        | 4 |  4.6
Axes           | 3 |  3.7

Action                   |  1- 3 |  4- 6 || total
-------------------------+-------+-------++-------
Melee: War axe           |   106 |    60 ||   166
       Headbutt          |     7 |     9 ||    16
Throw: Dart              |       |     3 ||     3
  Use: Scroll            |     3 |       ||     3
       Potion            |       |     2 ||     2
Armor: Scale mail        |    63 |    26 ||    89
Dodge: Dodged            |    60 |    22 ||    82
Block: Buckler           |    23 |    18 ||    41

Table legend: (Time is in decaauts)
 A = Elapsed time spent in this place.
 B = Non-inter-level travel time spent in this place.
 C = Inter-level travel time spent in this place.
 D = Time resting spent in this place.
 E = Time spent auto-exploring this place.
 F = Levels seen in this place.
 G = Mean time per level.
                   A        B        C        D        E       F      G
               +--------+--------+--------+--------+--------+-----+--------+
         Total |   2685 |   2625 |     60 |    422 |   1686 |   5 |  537.0 |
       Dungeon |   2685 |   2625 |     60 |    422 |   1686 |   5 |  537.0 |
               +--------+--------+--------+--------+--------+-----+--------+

Top non-repeatable levels by time:
     D:3: 940 daAuts
     D:1: 918 daAuts
     D:2: 788 daAuts
     D:4: 29 daAuts
     D:5: 8 daAuts
